 Dungeon Crawl Stone Soup version 0.27.1-33-g824d729ab1 (webtiles) character file.

Game seed: 14922287303786233477

1948 lordive the Geomancer (level 9, 0/46 HPs)
             Began as a Gargoyle Earth Elementalist on Dec 24, 2021.
             Slain by an orc warrior (10 damage)
             ... on level 6 of the Dungeon.
             The game lasted 00:27:05 (6900 turns).

lordive the Geomancer (Gargoyle Earth Elementalist) Turns: 6900, Time: 00:27:07

Health: 0/46       AC: 16    Str: 12    XL:     9   Next: 18%
Magic:  5/19       EV: 10    Int: 19    God:
Gold:   270        SH:  0    Dex: 10    Spells: 16/22 levels left

rFire    . . .     SeeInvis +   b - +2 flail (protect)
rCold    . . .     Faith    .   (no shield)
rNeg     + + .     Spirit   .   f - +0 ring mail
rPois    ∞         Reflect  .   a - +2 helmet
rElec    +         Harm     .   (no cloak)
rCorr    .         Rampage  .   (no gloves)
Will     .....                  y - +0 pair of boots
Stlth    +.........             r - amulet of the acrobat
HPRegen  0.15/turn              g - ring of positive energy
MPRegen  0.16/turn              p - ring of see invisible

@: no status effects
A: sickness immunity, AC +6, negative energy resistance 1, electricity
resistance, torment resistance 1, petrification resistance
a: no special abilities


You were on level 6 of the Dungeon.
You visited 2 branches of the dungeon, and saw 7 of its levels.

You collected 270 gold pieces.

Inventory:

Hand Weapons
 b - a +2 flail of protection (weapon)
Missiles
 c - 101 stones
Armour
 a - a +2 helmet (worn)
 f - a +0 ring mail (worn)
 k - a +0 scale mail
 n - a +0 leather armour
 y - a +0 pair of boots (worn)
 D - a +0 kite shield
Magical Staves
 j - a staff of death
Jewellery
 g - a ring of positive energy (left hand)
 p - a ring of see invisible (right hand)
 r - an amulet of the acrobat (around neck)
 B - a ring of resist corrosion
Wands
 C - a wand of digging (6)
Scrolls
 d - 3 scrolls of vulnerability
 e - 2 scrolls of amnesia
 l - a scroll of fog
 q - 2 scrolls of teleportation
 t - a scroll of noise {unknown}
 v - 2 scrolls of enchant weapon {unknown}
 E - a scroll of silence {unknown}
Potions
 h - 2 potions of heal wounds {unknown}
 i - a potion of attraction {unknown}
 m - a potion of degeneration {unknown}
 o - 5 potions of flight
 s - a potion of lignification {unknown}
 w - a potion of mutation {unknown}
 z - a potion of magic {unknown}
 A - a potion of brilliance {unknown}


   Skills:
 + Level 0.3 Fighting
 * Level 2.3 Armour
 + Level 1.7 Dodging
 + Level 3.0 Stealth
 * Level 1.2 Shields
 * Level 7.2 Spellcasting
 * Level 3.7 Conjurations
 * Level 2.0 Translocations
 + Level 0.7 Transmutations
 * Level 8.9 Earth Magic


You had 16 spell levels left.
You knew the following spells:

 Your Spells              Type           Power      Damage    Failure   Level
a - Sandblast             Erth           80%        2d17      1%          1
b - Stone Arrow           Conj/Erth      62%        3d10      4%          3
c - Blink                 Tloc           N/A        N/A       14%         2

Your spell library contained the following spells:

 Spells                   Type           Power      Damage    Failure   Level
 Passwall                 Tmut/Erth      20%        N/A       4%          2
 Petrify                  Tmut/Erth      25%        N/A       30%         4
 Corpse Rot               Necr/Air       N/A        N/A       32%         2
 Poisonous Vapours        Pois/Air       12%        N/A       32%         2
 Manifold Assault         Tloc           14%        N/A       95%         5
 Freezing Cloud           Conj/Ice/Air   5%         6-21      98%         5
 Storm Form               Tmut/Air       4%         N/A       100%        7


Dungeon Overview and Level Annotations

Branches:
Dungeon (6/15)             Temple (1/1) D:5

Altars:
Cheibriados
Dithmenos
Elyvilon
Gozag
Hepliaklqana
Nemelex Xobeh
Okawaru
Qazlal
Sif Muna
Trog
Uskayaw
Xom
Yredelemnul
Beogh

Shops:
D:5 [=

Annotations:
D:6 shaggyschweig's ghost, amateur HOFi


Innate Abilities, Weirdness & Mutations

You are immune to sickness and miasma.
Your stone body is resilient. (AC +6)
You are immune to poison.
You resist negative energy. (rN+)
You are resistant to electric shocks. (rElec)
You are resistant to unholy torment.
You are immune to petrification.


Message History

Casting: Sandblast (safe; 1% risk of failure)
Confirm with . or Enter, or press ? or * to list all spells.
Aiming: Sandblast (safe; 1% risk of failure)
Press: ? - help, Shift-Dir - straight line, f/p - orc warrior
Aim: an orc warrior, wielding a +0 long sword and wearing the +5 chain mail of Marbles {Dex+5} (severely wounded, 81% to hit)
The blast of sand hits the orc warrior!
You kill the orc warrior!
Casting: Sandblast (safe; 1% risk of failure)
Confirm with . or Enter, or press ? or * to list all spells.
Aiming: Sandblast (safe; 1% risk of failure)
Press: ? - help, Shift-Dir - straight line, f - orc warrior
Aim: an orc warrior, wielding a +0 halberd and wearing a +0 plate armour (83% to hit)
The blast of sand hits the orc warrior!
The orc warrior is heavily wounded.
The orc warrior hits you from afar with a +0 halberd.
Casting: Sandblast (safe; 1% risk of failure)
Confirm with . or Enter, or press ? or * to list all spells.
Aiming: Sandblast (safe; 1% risk of failure)
Press: ? - help, Shift-Dir - straight line, f/p - orc warrior
Aim: an orc warrior, wielding a +0 halberd and wearing a +0 plate armour (heavily wounded, 83% to hit)
The blast of sand hits the orc warrior.
The orc warrior is heavily wounded.
The orc warrior hits you from afar with a +0 halberd!
Casting: Sandblast (safe; 1% risk of failure)
Confirm with . or Enter, or press ? or * to list all spells.
Aiming: Sandblast (safe; 1% risk of failure)
Press: ? - help, Shift-Dir - straight line, f/p - orc warrior
Aim: an orc warrior, wielding a +0 halberd and wearing a +0 plate armour (heavily wounded, 83% to hit)
The blast of sand misses the orc warrior.
The orc warrior hits you from afar with a +0 halberd!
* * * LOW HITPOINT WARNING * * *
Casting: Sandblast (safe; 1% risk of failure)
Confirm with . or Enter, or press ? or * to list all spells.
Aiming: Stone Arrow (dangerous; 4% risk of failure)
Press: ? - help, Shift-Dir - straight line, f/p - orc warrior
Aim: an orc warrior, wielding a +0 halberd and wearing a +0 plate armour (heavily wounded, 74% to hit)
The stone arrow hits the orc warrior.
The orc warrior is severely wounded.
The orc warrior hits you from afar with a +0 halberd!
You die...

..#..#....#...#.............#'###
..#..#....#...#.............#....
..#'##....#...#.............#....
..........#####.............#....
'#...............###############.
.#....####.....#'#8...)[_[... ##
.#....# #.<...o.#............ #.
.#....# #.....#)#.#8#..8..#8#.#.
.#....# #....o#@#.###oo...###.#.
.#....####.....###...)#####....#.
.#............o..#oh.ooo.......#.
.#####...........######'''######.
.....'..........o8.............8.
.....#....###'#......o.........##
.....#....#...#########'###......
###..#....'[)..#..........#......
..#..'....#....#........^.'......


You could see an orc warrior.

Vanquished Creatures
  Edmund (D:6)
  Menkaure (D:4)
  An ice beast (D:6)
  An orc warrior (D:6)
  3 sky beasts
  A black bear (D:6)
  2 ogres (D:5)
  A phantom (D:5)
  Blork the orc (D:4)
  2 scorpions
  3 hounds
  3 bullfrog skeletons
  2 jellies (D:6)
  5 orc priests
  2 centaur skeletons
  3 iguanas
  Natasha (thrice) (D:3)
  A hound zombie (D:5)
  4 adders
  A dart slug (D:1)
  19 orcs
  2 bats (D:3)
  6 endoplasms
  3 giant cockroaches
  3 goblins
  5 hobgoblins
  2 jackals (D:1)
  3 quokkas
  2 ball pythons
  2 frilled lizards
  5 kobolds
  11 rats
104 creatures vanquished.

Notes
Turn   | Place    | Note
-------+----------+-------------------------------------------
     0 | D:1      | lordive the Gargoyle Earth Elementalist began the quest for
                  | the Orb.
     0 | D:1      | Reached XP level 1. HP: 10/10 MP: 3/3
   252 | D:1      | Reached skill level 4 in Earth Magic
   253 | D:1      | Reached XP level 2. HP: 11/15 MP: 1/5
   755 | D:1      | Reached XP level 3. HP: 19/19 MP: 1/6
   887 | D:2      | Learned a level 3 spell: Stone Arrow
   904 | D:2      | Found a faded altar of an unknown god.
  1160 | D:2      | Found a shimmering altar of Xom.
  1716 | D:3      | Noticed Natasha
  1724 | D:3      | Killed Natasha
  1726 | D:3      | Reached XP level 4. HP: 24/24 MP: 2/8
  1869 | D:3      | Noticed Natasha
  1874 | D:3      | Killed Natasha
  1875 | D:3      | Reached skill level 5 in Earth Magic
  2028 | D:3      | Noticed Natasha
  2043 | D:3      | Killed Natasha
  2044 | D:3      | Reached XP level 5. HP: 28/28 MP: 3/10
  2761 | D:4      | Noticed Blork the orc
  3001 | D:4      | Killed Blork the orc
  3002 | D:4      | Reached skill level 1 in Conjurations
  3186 | D:4      | Reached XP level 6. HP: 32/32 MP: 10/12
  3471 | D:4      | Noticed Menkaure
  3500 | D:4      | You fall into a shaft and drop 1 floor!
  3500 | D:5      | Entered Level 5 of the Dungeon
  3500 | D:5      | Found Ysitolly's Antique Armour Boutique.
  3513 | D:5      | Reached skill level 6 in Earth Magic
  3679 | D:5      | Reached skill level 5 in Spellcasting
  3679 | D:5      | Reached XP level 7. HP: 36/36 MP: 9/14
  3750 | D:5      | Identified the +1 ring mail "Xikhioni" {Contam rPois Str+4}
  3959 | D:4      | Killed Menkaure
  4158 | D:5      | Found a shimmering blue altar of Sif Muna.
  4159 | D:5      | Found a hide-covered altar of Uskayaw.
  4215 | D:5      | Learned a level 2 spell: Blink
  4218 | D:5      | Found Zanachigo's Jewellery Emporium.
  4254 | D:5      | Reached skill level 7 in Earth Magic
  4382 | D:5      | Reached XP level 8. HP: 41/41 MP: 8/17
  4509 | D:5      | Found a staircase to the Ecumenical Temple.
  4537 | Temple   | Entered the Ecumenical Temple
  5190 | D:5      | Found a snail-covered altar of Cheibriados.
  5481 | D:6      | Reached skill level 1 in Translocations
  5481 | D:6      | Reached skill level 8 in Earth Magic
  5720 | D:6      | Reached skill level 1 in Armour
  6060 | D:6      | Found a runed translucent gate.
  6060 | D:6      | Found a runed translucent gate.
  6060 | D:6      | Found a runed translucent gate.
  6060 | D:6      | Noticed shaggyschweig's ghost (amateur HOFi)
  6084 | D:6      | Identified the +5 chain mail of Marbles {Dex+5}
  6096 | D:6      | Noticed Edmund
  6149 | D:6      | Killed Edmund
  6150 | D:6      | Reached XP level 9. HP: 30/46 MP: 0/19
  6448 | D:6      | Reached skill level 1 in Shields
  6900 | D:6      | Slain by an orc warrior

Illustrated notes

Levels and vault maps discovered:
D:1:      saegor_arrival_simple_d, layout_rooms
D:2:      layout_basic, chequers_ecumenical_altar_island, basic_altar
D:3:      layout_loops_ring, uniq_natasha
D:4:      layout_rooms, uniq_menkaure, uniq_blork_the_orc
D:5:      layout_layer_cave, mainiacjoe_overflow_alcove_2,
          chequers_temple_overflow_statue_of_worship,
          minmay_temple_entry_arrows, serial_shops, shop, nicolae_shop_crystal,
          minivault_23, chequers_serial_rivers_micro_a, supply_closet_lemuel
D:6:      layout_gridville, biasface_ghost_orc_armoury,
          chequers_serial_rivers_small_a, uniq_edmund
Temple:   compressed_dpeg_triangle_lava_temple

Skill      XL: |  1  2  3  4  5  6  7  8  9 |
---------------+----------------------------+-----
Earth Magic    | 4 5 6 7 8 |  8.9
Spellcasting   | 3 4 5 6 7 |  7.2
Conjurations   | 1 2 3 |  3.7
Translocations | 1 2 |  2.0
Armour         | 1 2 |  2.3
Stealth        | 3 |  3.0
Shields        | 1 |  1.2
Fighting       | |  0.3
Dodging        | |  1.7
Transmutations | |  0.7

Action                   |  1- 3 |  4- 6 |  7- 9 || total
-------------------------+-------+-------+-------++-------
 Cast: Sandblast         |    37 |    66 |    93 ||   196
       Stone Arrow       |       |       |    16 ||    16
       Blink             |       |       |     1 ||     1
  Use: Scroll            |       |     4 |     1 ||     5
Armor: Robe              |     7 |     7 |     9 ||    23
       Ring mail         |       |       |     3 ||     3
       Leather armour    |       |       |     1 ||     1
Dodge: Dodged            |    10 |    17 |    21 ||    48
